TOP OF THE 1ST |
San Antonio Missions batting - Pitching for Mississippi Braves : RHP Jeff Olech
|
Pitching: RHP Jeff Olech
|
|
Batting: RHB Scott Schwartz
|
0-0: Ball 1-0: Foul Ball, location: 2F 1-1: Reached on error, E1 (Groundball, P, EV 71.2 MPH)
|
Batting: LHB Ben Antal
|
0-0: Called Strike 0-1: Foul Ball, location: 2F 0-2: Ball Scott Schwartz steals 2nd base 1-2: Ball 2-2: Strikes out swinging
|
Batting: RHB Mike Manchester
|
0-0: Ball 1-0: Ball 2-0: Called Strike 2-1: Foul Ball, location: 2F 2-2: Strikes out swinging
|
Batting: LHB Conrad Taylor
|
0-0: Foul Ball, location: 2F 0-1: Swinging Strike 0-2: DOUBLE (Line Drive, 8RXD, EV 106.9 MPH) Scott Schwartz scores
|
Batting: RHB Kyle Davis
|
0-0: Ball 1-0: Fly out, F8 (Flyball, 8RD, EV 93.8 MPH)
|
Top of the 1st over - 1 run, 1 hit, 1 error, 1 left on base; San Antonio 1 - Mississippi 0 |
BOTTOM OF THE 1ST |
Mississippi Braves batting - Pitching for San Antonio Missions : RHP Chris Leavitt
|
Pitching: RHP Chris Leavitt
|
|
Batting: LHB Robby Dann
|
0-0: Ball 1-0: Ball 2-0: Ball 3-0: Called Strike 3-1: Foul Ball, location: 2F 3-2: SOLO HOME RUN (Flyball, 9D, EV 98.8 MPH), Distance : 392 ft
|
Batting: LHB Raul Guarjardo
|
0-0: Fly out, F7 (Flyball, 78M, EV 96.2 MPH)
|
Batting: LHB Davey Schonewille
|
0-0: Fly out, F8 (Flyball, 8LM, EV 88.8 MPH)
|
Batting: SHB Brian Bagley
|
0-0: Called Strike 0-1: Ball 1-1: Foul Ball, location: 2F 1-2: Ground out 4-3 (Groundball, 4, EV 111.2 MPH)
|
Bottom of the 1st over - 1 run, 1 hit, 0 errors, 0 left on base; San Antonio 1 - Mississippi 1 |
TOP OF THE 2ND |
San Antonio Missions batting - Pitching for Mississippi Braves : RHP Jeff Olech
|
Batting: LHB Corey Lewis
|
0-0: Called Strike 0-1: Ground out 4-3 (Groundball, 4, EV 109.4 MPH)
|
Batting: RHB Min-chin Yi
|
0-0: Foul Ball, location: 2F 0-1: Foul Ball, location: 2F 0-2: Ball 1-2: Ball 2-2: Ball 3-2: Foul Ball, location: 2F 3-2: Strikes out swinging
|
Batting: LHB Josh Slusarczyk
|
0-0: Ball 1-0: Foul Ball, location: 2F 1-1: Foul Ball, location: 2F 1-2: Strikes out swinging
|
Top of the 2nd over - 0 runs, 0 hits, 0 errors, 0 left on base; San Antonio 1 - Mississippi 1 |
BOTTOM OF THE 2ND |
Mississippi Braves batting - Pitching for San Antonio Missions : RHP Chris Leavitt
|
Batting: RHB Jack Power
|
0-0: Ball 1-0: Fly out, F7 (Line Drive, 7D, EV 110.0 MPH)
|
Batting: RHB Zachary Sidney
|
0-0: Called Strike 0-1: Called Strike 0-2: Ball 1-2: Ground out 6-3 (Groundball, 6MD, EV 85.0 MPH)
|
Batting: LHB Jon Burgos
|
0-0: Fly out, F7 (Flyball, 78M, EV 81.2 MPH)
|
Bottom of the 2nd over - 0 runs, 0 hits, 0 errors, 0 left on base; San Antonio 1 - Mississippi 1 |
TOP OF THE 3RD |
San Antonio Missions batting - Pitching for Mississippi Braves : RHP Jeff Olech
|
Batting: SHB Curtis Thompson
|
0-0: Called Strike 0-1: Ball 1-1: Fly out, F7 (Flyball, 7, EV 83.1 MPH)
|
Batting: RHB Scott Schwartz
|
0-0: Fly out, F9 (Flyball, 9LM, EV 94.4 MPH)
|
Batting: LHB Ben Antal
|
0-0: Ball 1-0: Ground out 4-3 (Groundball, 4, EV 82.5 MPH)
|
Top of the 3rd over - 0 runs, 0 hits, 0 errors, 0 left on base; San Antonio 1 - Mississippi 1 |
BOTTOM OF THE 3RD |
Mississippi Braves batting - Pitching for San Antonio Missions : RHP Chris Leavitt
|
Batting: RHB Angel Guzman
|
0-0: Called Strike 0-1: Called Strike 0-2: Ball 1-2: Strikes out swinging
|
Batting: RHB Edwin Cota
|
0-0: Ball 1-0: Fly out, F8 (Flyball, 8RS, EV 91.2 MPH)
|
Batting: LHB Robby Dann
|
0-0: Ball 1-0: Fly out, F7 (Flyball, 7, EV 90.0 MPH)
|
Bottom of the 3rd over - 0 runs, 0 hits, 0 errors, 0 left on base; San Antonio 1 - Mississippi 1 |
TOP OF THE 4TH |
San Antonio Missions batting - Pitching for Mississippi Braves : RHP Jeff Olech
|
Batting: RHB Mike Manchester
|
0-0: DOUBLE (Line Drive, 89D, EV 106.9 MPH)
|
Batting: LHB Conrad Taylor
|
0-0: Called Strike 0-1: Ball 1-1: Called Strike 1-2: Ball 2-2: Ball 3-2: Foul Ball, location: 2F 3-2: Foul Ball, location: 2F 3-2: Fly out, F8 (Flyball, 8LD, EV 85.0 MPH)
|
Batting: RHB Kyle Davis
|
0-0: Ball 1-0: Called Strike 1-1: Swinging Strike 1-2: Strikes out swinging
|
Batting: LHB Corey Lewis
|
0-0: Called Strike 0-1: Swinging Strike 0-2: Ball 1-2: Strikes out looking
|
Top of the 4th over - 0 runs, 1 hit, 0 errors, 1 left on base; San Antonio 1 - Mississippi 1 |
BOTTOM OF THE 4TH |
Mississippi Braves batting - Pitching for San Antonio Missions : RHP Chris Leavitt
|
Batting: LHB Raul Guarjardo
|
0-0: Ball 1-0: Called Strike 1-1: Swinging Strike 1-2: Fly out, F9 (Flyball, 9, EV 78.8 MPH)
|
Batting: LHB Davey Schonewille
|
0-0: Called Strike 0-1: Ball 1-1: Ground out 6-3 (Groundball, 4MS, EV 83.1 MPH)
|
Batting: SHB Brian Bagley
|
0-0: Ball 1-0: Foul Ball, location: 2F 1-1: Ball 2-1: Fly out, F9 (Line Drive, 9, EV 90.6 MPH)
|
Bottom of the 4th over - 0 runs, 0 hits, 0 errors, 0 left on base; San Antonio 1 - Mississippi 1 |
TOP OF THE 5TH |
San Antonio Missions batting - Pitching for Mississippi Braves : RHP Jeff Olech
|
Batting: RHB Min-chin Yi
|
0-0: Ground out U3 (Groundball, 3, EV 85.0 MPH)
|
Batting: LHB Josh Slusarczyk
|
0-0: Ball 1-0: Ball 2-0: Fly out, F9 (Flyball, 9LS, EV 90.6 MPH)
|
Batting: SHB Curtis Thompson
|
0-0: Called Strike 0-1: Fly out, F9 (Flyball, 89M, EV 88.8 MPH)
|
Top of the 5th over - 0 runs, 0 hits, 0 errors, 0 left on base; San Antonio 1 - Mississippi 1 |
BOTTOM OF THE 5TH |
Mississippi Braves batting - Pitching for San Antonio Missions : RHP Chris Leavitt
|
Batting: RHB Jack Power
|
0-0: Ball 1-0: Foul Ball, location: 2F 1-1: Foul Ball, location: 2F 1-2: Hit by Pitch
|
Batting: RHB Zachary Sidney
|
0-0: Ball 1-0: Swinging Strike 1-1: Ball 2-1: Foul Ball, location: 2F 2-2: SINGLE (Line Drive, 34, EV 96.9 MPH) Jack Power to second
|
Batting: LHB Jon Burgos
|
0-0: Called Strike 0-1: DOUBLE (Line Drive, 89M, EV 93.1 MPH) Jack Power scores Zachary Sidney to third
|
Batting: RHB Angel Guzman
|
0-0: Swinging Strike 0-1: Ground out 6-3 (Groundball, 6, EV 81.2 MPH) Zachary Sidney scores
|
Batting: RHB Edwin Cota
|
0-0: Called Strike 0-1: Foul Ball, location: 2F 0-2: Ball Wild Pitch! Jon Burgos to third 1-2: Strikes out swinging
|
Batting: LHB Robby Dann
|
0-0: Ball 1-0: Ball 2-0: Swinging Strike 2-1: Ball 3-1: Swinging Strike 3-2: Base on Balls
|
Batting: LHB Raul Guarjardo
|
0-0: Foul Ball, location: 2F 0-1: Ball 1-1: Ball 2-1: Foul Ball, location: 2F 2-2: Foul Ball, location: 2F 2-2: Fly out, F7 (Flyball, 7, EV 88.1 MPH)
|
Bottom of the 5th over - 2 runs, 2 hits, 0 errors, 2 left on base; San Antonio 1 - Mississippi 3 |
TOP OF THE 6TH |
San Antonio Missions batting - Pitching for Mississippi Braves : RHP Jeff Olech
|
Batting: RHB Scott Schwartz
|
0-0: Ground out 4-3 (Groundball, 4, EV 100.6 MPH)
|
Batting: LHB Ben Antal
|
0-0: Foul Ball, location: 2F 0-1: Ball 1-1: Ball 2-1: Foul Ball, location: 2F 2-2: Strikes out swinging
|
Batting: RHB Mike Manchester
|
0-0: Called Strike 0-1: Ball 1-1: Ground out U3 (Groundball, 34, EV 76.9 MPH)
|
Top of the 6th over - 0 runs, 0 hits, 0 errors, 0 left on base; San Antonio 1 - Mississippi 3 |
BOTTOM OF THE 6TH |
Mississippi Braves batting - Pitching for San Antonio Missions : RHP Chris Leavitt
|
Batting: LHB Davey Schonewille
|
0-0: Ball 1-0: Ball 2-0: Swinging Strike 2-1: SINGLE (Groundball, 6MD, EV 106.2 MPH)
|
Batting: SHB Brian Bagley
|
0-0: Ball Davey Schonewille steals 2nd, throwing error, E2 Davey Schonewille to third 1-0: Called Strike 1-1: Ground out 6-3 (Groundball, 6M, EV 87.5 MPH) Davey Schonewille scores
|
Batting: RHB Jack Power
|
0-0: Foul Ball, location: 2F 0-1: Ball 1-1: Ball 2-1: Foul Ball, location: 2F 2-2: Foul Ball, location: 2F 2-2: Ball 3-2: Foul Ball, location: 2F 3-2: Ground out 1-3 (Groundball, 13S, EV 74.4 MPH)
|
Batting: RHB Zachary Sidney
|
0-0: Foul Ball, location: 2F 0-1: Ball 1-1: Hit by Pitch
|
Batting: LHB Jon Burgos
|
0-0: Ball 1-0: Called Strike 1-1: Swinging Strike 1-2: Ball 2-2: Strikes out looking
|
Bottom of the 6th over - 1 run, 1 hit, 1 error, 1 left on base; San Antonio 1 - Mississippi 4 |
TOP OF THE 7TH |
San Antonio Missions batting - Pitching for Mississippi Braves : RHP Jeff Olech
|
Batting: LHB Conrad Taylor
|
0-0: Swinging Strike 0-1: Swinging Strike 0-2: Ball 1-2: Foul Ball, location: 2F 1-2: Ball 2-2: Fly out, F4 (Popup, 34S, EV 75.0 MPH)
|
Batting: RHB Kyle Davis
|
0-0: Called Strike 0-1: Called Strike 0-2: Ball 1-2: Ball 2-2: Ball 3-2: Foul Ball, location: 2F 3-2: Strikes out looking
|
Batting: LHB Corey Lewis
|
0-0: Ball 1-0: Called Strike 1-1: Swinging Strike 1-2: Strikes out swinging
|
Top of the 7th over - 0 runs, 0 hits, 0 errors, 0 left on base; San Antonio 1 - Mississippi 4 |
BOTTOM OF THE 7TH |
Mississippi Braves batting - Pitching for San Antonio Missions : RHP Chris Leavitt
|
Batting: RHB Angel Guzman
|
0-0: Called Strike 0-1: Fly out, F9 (Flyball, 9S, EV 93.8 MPH)
|
Batting: RHB Edwin Cota
|
0-0: Ball 1-0: Ground out 6-3 (Groundball, 6M, EV 91.9 MPH)
|
Batting: LHB Robby Dann
|
0-0: Ball 1-0: Ball 2-0: Foul Ball, location: 2F 2-1: Ball 3-1: Foul Ball, location: 2F 3-2: Strikes out swinging
|
Bottom of the 7th over - 0 runs, 0 hits, 0 errors, 0 left on base; San Antonio 1 - Mississippi 4 |
TOP OF THE 8TH |
San Antonio Missions batting - Pitching for Mississippi Braves : RHP Jeff Olech
|
Batting: RHB Min-chin Yi
|
0-0: Called Strike 0-1: Ground out 5-3 (Groundball, 56S, EV 84.4 MPH)
|
Batting: LHB Josh Slusarczyk
|
0-0: Ball 1-0: Called Strike 1-1: Called Strike 1-2: Foul Ball, location: 2F 1-2: Fly out, F3 (Popup, 3L, EV 66.9 MPH)
|
Batting: SHB Curtis Thompson
|
0-0: Foul Ball, location: 2F 0-1: Swinging Strike 0-2: Strikes out swinging
|
Top of the 8th over - 0 runs, 0 hits, 0 errors, 0 left on base; San Antonio 1 - Mississippi 4 |
BOTTOM OF THE 8TH |
Mississippi Braves batting - Pitching for San Antonio Missions : RHP Chris Leavitt
|
Pitching: RHP Tristan Vollmer
|
|
Batting: LHB Raul Guarjardo
|
0-0: Swinging Strike 0-1: Ball 1-1: DOUBLE (Line Drive, 8RD, EV 105.6 MPH)
|
Batting: LHB Davey Schonewille
|
0-0: Called Strike 0-1: Fly out, F7 (Flyball, 7D, EV 87.5 MPH)
|
Batting: SHB Brian Bagley
|
0-0: Ball 1-0: Called Strike 1-1: Called Strike 1-2: Ground out 4-3 (Groundball, 4, EV 87.5 MPH) Raul Guarjardo to third
|
Batting: RHB Jack Power
|
0-0: Ball 1-0: Foul Ball, location: 2F 1-1: Ball 2-1: Ball 3-1: Called Strike 3-2: Fly out, F8 (Flyball, 78XD, EV 96.9 MPH)
|
Bottom of the 8th over - 0 runs, 1 hit, 0 errors, 1 left on base; San Antonio 1 - Mississippi 4 |
TOP OF THE 9TH |
San Antonio Missions batting - Pitching for Mississippi Braves : RHP Jeff Olech
|
Pitching: LHP Pete McAllister
|
|
Batting: RHB Scott Schwartz
|
0-0: Called Strike 0-1: SINGLE (Line Drive, 7S, EV 99.4 MPH)
|
Batting: LHB Ben Antal
|
0-0: Foul Ball, location: 2F 0-1: Foul Ball, location: 2F 0-2: Strikes out looking
|
Batting: RHB Mike Manchester
|
0-0: Foul Ball, location: 2F 0-1: Called Strike 0-2: Ball 1-2: Foul Ball, location: 2F 1-2: Fly out, F8 (Flyball, 8RD, EV 96.9 MPH)
|
Batting: LHB Conrad Taylor
|
0-0: Called Strike 0-1: Foul Ball, location: 2F 0-2: Ball 1-2: Ball 2-2: Foul Ball, location: 2F 2-2: Fly out, F9 (Flyball, 89S, EV 81.2 MPH)
|
Top of the 9th over - 0 runs, 1 hit, 0 errors, 1 left on base; San Antonio 1 - Mississippi 4 |
|